 Dungeon Crawl Stone Soup version 0.32-a0-616-g9348d4545b (webtiles) character file.

Game seed: 13178437801224567245

1685539 juan097 the Conqueror (level 27, 245/245 HPs)
             Began as a Minotaur Berserker on Mar 5, 2024.
             Was the Champion of Trog.
             Escaped with the Orb
             ... and 3 runes!
             The game lasted 03:18:40 (72323 turns).

juan097 the Conqueror (Minotaur Berserker)         Turns: 72323, Time: 03:18:40

Health: 245/245    AC: 53    Str: 38    XL:     27
Magic:  19/19      EV: 23    Int: 13    God:    Trog [******]
Gold:   4617       SH: 19    Dex: 15    Spells: 26/26 levels left

rFire   + + .        a - +9 broad axe (freeze)
rCold   . . .        o - +4 kite shield "Piwun" {rElec Slay+3}
rNeg    + . .        C - +8 orange crystal plate armour {Archmagi, Int+3 Clar}
rPois   +            T - +2 hat {Will+}
rElec   +            L - +2 cloak {Stlth+}
rCorr   .            S - +2 pair of gloves {Dex+3}
SInv    +            u - +2 pair of boots
Will    +++..        A - amulet of the Peasants {Spirit rPois rN+ Regen+ Str+6} Stlth
                     Z - ring "Veuwkuadgh" {rElec Int+6 SInv Stlth-}
HPRegen 1.40/turn    K - ring "Feyrofie" {rF++ EV+5, =R}
MPRegen 0.16/turn

%: clarity, guardian spirit, archmagi
@: studying Ice Magic
A: horns 2, retaliatory headbutt, clumsy 1, deterioration 1, frail 1, low MP 1,
screaming 1
0: Orb of Zot
}: 3/15 runes: barnacled, silver, gossamer
a: Renounce Religion, Berserk, Trog's Hand, Brothers in Arms


You escaped.
You worshipped Trog.
Trog was exalted by your worship.
You visited 11 branches of the dungeon, and saw 49 of its levels.
You also visited: Trove, Bailey, Ice Cave and Desolation.

You collected 7673 gold pieces.
You spent 3056 gold pieces at shops.

Inventory:

Hand Weapons
 a - a +9 broad axe of freezing (weapon)
 b - a +9 antimagic broad axe
Missiles
 e - 54 boomerangs
 y - a throwing net
 I - 12 javelins
 R - 20 silver javelins (quivered)
 V - 11 curare-tipped darts
Armour
 o - the +4 kite shield "Piwun" (worn) {rElec Slay+3}
   (You acquired it on level 5 of the Vaults)

   Slay+3:    It affects your accuracy & damage with ranged weapons and melee
   (+3).
   rElec:     It insulates you from electricity.
 u - a +2 pair of boots (worn)
 C - the +8 orange crystal plate armour (worn) {Archmagi, Int+3 Clar}
   (You found it in a bailey)

   Int+3:     It affects your intelligence (+3).
   Clar:      It protects you from confusion, rage, mesmerisation and fear.
 L - a +2 cloak of stealth (worn)
 S - a +2 pair of gloves of dexterity (worn)
 T - a +2 hat of willpower (worn)
Jewellery
 f - the ring of Ypa Soka {rPois rN+ Str+6}
   (You took it off a ragged hierophant in the Desolation of Salt)

   [ring of strength]

   Str+6:     It affects your strength (+6).
   rPois:     It protects you from poison.
   rN+:       It protects you from negative energy.
 m - a ring of flight
 A - the amulet of the Peasants (around neck) {Spirit rPois rN+ Regen+ Str+6}
   (You took it off a balrug on level 3 of the Realm of Zot)

   [amulet of guardian spirit]

   Spirit:    It causes incoming damage to be divided between your reserves of
   health and magic.
   Str+6:     It affects your strength (+6).
   rPois:     It protects you from poison.
   rN+:       It protects you from negative energy.
   Regen+:    It increases your rate of health regeneration.
 K - the ring "Feyrofie" (right hand) {rF++ EV+5, =R}
   (You found it in the Desolation of Salt)

   [ring of evasion]

   EV+5:      It affects your evasion (+5).
   rF++:      It greatly protects you from fire.
 U - the ring of Autumn {rC+ Will+ rCorr Int+3 Dex+2}
   (You took it off an ironbound convoker on level 5 of the Vaults)

   [ring of willpower]

   Int+3:     It affects your intelligence (+3).
   Dex+2:     It affects your dexterity (+2).
   rC+:       It protects you from cold.
   Will+:     It increases your willpower.
   rCorr:     It protects you from acid and corrosion.
 W - the ring of Vacsalou {Will+ Int+3 Slay+4}
   (You found it on level 5 of the Lair of Beasts)

   [ring of slaying]

   Int+3:     It affects your intelligence (+3).
   Slay+4:    It affects your accuracy & damage with ranged weapons and melee
   (+4).
   Will+:     It increases your willpower.
 Z - the ring "Veuwkuadgh" (left hand) {rElec Int+6 SInv Stlth-}
   (You bought it in a shop on level 2 of the Orcish Mines)

   [ring of intelligence]

   Int+6:     It affects your intelligence (+6).
   rElec:     It insulates you from electricity.
   SInv:      It lets you see invisible.
   Stlth-:    It makes you less stealthy.
Wands
 l - a wand of light (58)
 t - a wand of digging (31)
 Q - a wand of iceblast (20)
Scrolls
 d - 10 scrolls of fog
 h - 8 scrolls of summoning
 j - 6 scrolls of enchant weapon
 k - 23 scrolls of teleportation
 p - 5 scrolls of fear
 q - 6 scrolls of enchant armour
 r - 3 scrolls of revelation
 E - 7 scrolls of blinking
 X - 2 scrolls of silence
Potions
 c - 11 potions of might
 g - 8 potions of cancellation
 i - 14 potions of heal wounds
 n - 12 potions of attraction
 v - 3 potions of berserk rage
 z - 11 potions of curing
 B - 5 potions of invisibility
 D - 2 potions of resistance
 G - 3 potions of ambrosia
 O - 2 potions of haste
 Y - 6 potions of enlightenment
Miscellaneous
 s - a lightning rod (3/4)
 w - a phial of floods
 x - a tin of tremorstones (2/2)
 F - a phantom mirror
 M - a box of beasts


   Skills:
 O Level 27 Fighting
 - Level 18.0 Axes
 - Level 22.0 Throwing
 O Level 27 Armour
 + Level 21.4 Dodging
 - Level 6.0 Stealth
 - Level 20.0 Shields
 - Level 20.0 Evocations


You had 26 spell levels left.
You didn't know any spells.
Your spell library contained the following spells:

 Spells                   Type           Power      Damage    Failure   Level
 Kiss of Death            Conj/Necr      0%         2d5       80%         1
 Magic Dart               Conj           0%         1d3       80%         1
 Sting                    Conj/Alch      0%         1d3       80%         1
 Blink                    Tloc           0%         N/A       90%         2
 Mercury Vapours          Alch/Air       0%         N/A       90%         2
 Searing Ray              Conj           0%         2d4       90%         2
 Static Discharge         Conj/Air       0%         3-3/arc   90%         2
 Confusing Touch          Hex            0%         N/A       99%         3
 Frozen Ramparts          Ice            0%         1d1       99%         3
 Fugue of the Fallen      Necr           0%         N/A       99%         3
 Ozocubu's Armour         Ice            0%         N/A       99%         3
 Tukima's Dance           Hex            0%         N/A       99%         3
 Airstrike                Air            0%         2d(0-16)  100%        4
 Anguish                  Hex/Necr       0%         N/A       100%        4
 Animate Dead             Necr           0%         N/A       100%        4
 Cause Fear               Hex            0%         N/A       100%        4
 Dispel Undead            Necr           0%         3d6       100%        4
 Fulminant Prism          Conj/Alch      0%         3d5       100%        4
 Ignite Poison            Fire/Alch      0%         N/A       100%        4
 Leda's Liquefaction      Alch/Erth      0%         N/A       100%        4
 Manifold Assault         Tloc           0%         N/A       100%        4
 Olgreb's Toxic Radiance  Alch           0%         N/A       100%        4
 Passage of Golubria      Tloc           0%         N/A       100%        4
 Sticky Flame             Fire/Alch      0%         2d4       100%        4
 Summon Lightning Spire   Summ/Air       0%         N/A       100%        4
 Borgnjor's Vile Clutch   Necr/Erth      0%         N/A       100%        5
 Irradiate                Conj/Alch      0%         3d11      100%        5
 Lee's Rapid Deconstruct  Erth           0%         3d4*      100%        5
 Metabolic Englaciation   Hex/Ice        0%         N/A       100%        5
 Yara's Violent Unravell  Hex/Alch       0%         3d3       100%        5
 Bombard                  Conj/Erth      0%         9d1       100%        6
 Death Channel            Necr           0%         N/A       100%        6
 Sculpt Simulacrum        Ice/Alch       0%         N/A       100%        6
 Enfeeble                 Hex            0%         N/A       100%        7
 Malign Gateway           Summ/Tloc      0%         N/A       100%        7
 Summon Horrible Things   Summ           0%         N/A       100%        8
 Chain Lightning          Conj/Air       0%         N/A       100%        9
 Fire Storm               Conj/Fire      0%         5d1       100%        9
 Shatter                  Erth           0%         3d5*      100%        9


Dungeon Overview and Level Annotations

Branches:
Dungeon (15/15)            Temple (1/1) D:4            Lair (5/5) D:8
 Shoals (4/4) Lair:3       Spider (4/4) Lair:3        Slime (0/5) Lair:4
    Orc (2/2) D:11            Elf (3/3) Orc:2        Vaults (5/5) D:14
  Crypt (0/3) Vaults:3     Depths (4/4) D:15           Hell (visited)
    Zot (5/5) Depths:4     Bailey (visited)           IceCv (visited)
Desolation (visited)
    Dis: Hell:1         Geh: Hell:1         Coc: Hell:1         Tar: Hell:1

Altars:
Ashenzari
Cheibriados
Dithmenos
Elyvilon
Fedhas
Gozag
Hepliaklqana
Kikubaaqudgha
Makhleb
Nemelex Xobeh
Okawaru
Qazlal
Ru
Sif Muna
Trog
Uskayaw
Vehumet
Wu Jian
Xom
Yredelemnul
Zin
The Shining One
Jiyva

Shops:
D:4 *   D:9 :   D:10 [   Orc:2 =!*?   Elf:2 [((![   Vaults:1 (   Vaults:2 *
Depths:1 [

Portals:
Hell: Depths:1 Depths:2 Depths:3 Depths:4
Abyss: Depths:1 Depths:2 Depths:3
Pandemonium: Depths:1 Depths:2 Depths:4
Ziggurat: Depths:1


Innate Abilities, Weirdness & Mutations

You have a pair of horns on your head.
You reflexively headbutt those who attack you in melee.
You are clumsy. (Dex -2)
Your body sometimes deteriorates upon taking damage.
You are frail. (-10% HP)
Your magical capacity is low. (-10% MP)
You occasionally shout uncontrollably at your foes.


Message History

No target in view!
Things that are here:
a +0 whip; an orc skeleton
There is a stone staircase leading up here.
You climb upwards.
There is a stone staircase leading down here.
What level of the Dungeon? (default 1, ? - help) Magic restored.
You see here an adder skeleton.
There is a stone staircase leading up here.
You climb upwards.
There is a stone staircase leading down here.
There is a stone staircase leading up here.
You climb upwards.
There is a stone staircase leading down here.
You see here a frilled lizard skeleton.
Things that are here:
a +0 leather armour; a +0 club; the goblin skeleton of Ijyb A hellwing comes into view.
The hellwing gives a chilling moan.
The hellwing swoops through the air toward you!
You block the hellwing's attack. x2
You slice the hellwing!! You freeze the hellwing!
The hellwing is severely wounded.
You slice the hellwing!! You freeze the hellwing!
You kill the hellwing!
Trog accepts your kill.
No target in view!
What level of the Dungeon? (default 1, ? - help)
There is a stone staircase leading up here.
There is a stone staircase leading up here.
You climb upwards.
There is a stone staircase leading down here.
Things that are here:
a +0 club; a goblin skeleton
There is a stone staircase leading up here.
You climb upwards.
There is a stone staircase leading down here.
There is a staircase leading out of the dungeon here.
You have escaped!

#.##...........#....####.#.######
#.##.##........##....§§..#..#####
#.##.#..≈≈≈≈...##...§≈§§.........
#.##.#.≈≈≈≈≈≈......≈§§≈§§§...####
#.##.#.≈≈≈≈≈≈......≈§≈≈§≈§...#
#.##.#.≈≈≈≈≈≈......≈≈≈≈≈≈....#
..##.#..≈≈≈≈..#'##..≈≈§≈.....#
####.##......##.###..§.....###
.............'.>@.+.####...#
####.........##.###..#.....# ###
#..........#+##.....#.#.# #..
#........#......###...#.# #.#
#...÷....#.......#......####.#
#:....####'#####.#.#.........#
####.##.......##.#.###########
#.##.⌠...⌠.##.#.#
#..#.......##.#.###########


There were no monsters in sight!

Vanquished Creatures
  8 dread liches
  4 orbs of fire (Zot:5)
  Mara (Depths:2)
  5 ancient liches
  Josephina (Zot:1)
  Bai Suzhen (Depths:2)
  4 Killer Klowns
  6 curse toes
  Geryon (Hell)
  5 caustic shrikes
  Norris (Vaults:1)
  11 golden dragons
  Arachne (Spider:3)
  2 electric golems (Zot:5)
  21 tentacled monstrosities
  Rupert (D:12)
  A Hell Sentinel (Zot:5)
  An Ice Fiend (D:11)
  3 liches
  26 Orb Guardians
  3 titans
  7 sphinxes
  2 deep elf master archers (Elf:3)
  13 quicksilver dragons
  A walking frostbound tome (Depths:3)
  An ancient champion (Vaults:3)
  4 deep elf blademasters
  Frances (D:13)
  An Executioner (D:7)
  Murray (Depths:4)
  Polyphemus (Shoals:2)
  5 acid blobs
  10 death cobs
  A protean progenitor (Zot:1)
  5 tengu reavers
  7 shadow dragons
  2 rockslimes (Depths:4)
  11 storm dragons
  4 azure jellies (Depths:4)
  17 fire giants
  4 draconian monks
  The ghost of Upnec the Eclecticist, an adept DEAE of Vehumet (Spider:4)
  3 balrugs
  5 emperor scorpions (Spider:4)
  9 draconian knights
  6 draconian scorchers
  A draconian shifter (Zot:3)
  4 iron dragons
  2 imperial myrmidons (Desolation)
  21 vault wardens
  11 deep elf sorcerers (Elf:3)
  14 frost giants
  9 ghost moths
  3 deep elf elementalists (Elf:3)
  2 reapers (Hell)
  An orc warlord (Vaults:3)
  6 draconian stormcallers
  A cacodemon (Hell)
  16 ironbound preservers
  A spriggan defender (Depths:3)
  20 stone giants
  7 draconian annihilators
  26 very ugly things
  2 broodmothers (Spider:3)
  7 ironbound thunderhulks
  3 quicksilver oozes (Depths:4)
  A formless jellyfish (Shoals:4)
  7 green draconians
  13 black draconians
  5 vampire knights
  A minotaur (Shoals:4)
  9 deep elf demonologists
  15 red draconians
  A dire elephant (D:15)
  3 war gargoyles
  2 demonspawn black suns (D:7)
  7 deep elf death magi
  12 deep elf annihilators
  24 purple draconians
  13 white draconians
  2 lorocyprocas
  3 halazid warlocks (Desolation)
  7 yellow draconians
  Azrael (D:13)
  Snorg (D:11)
  4 spark wasps
  4 blizzard demons
  A green death (Depths:1)
  11 yaktaur captains
  11 ettins
  6 merfolk impalers
  7 entropy weavers
  11 deep elf high priests
  21 fire dragons
  3 jiangshi (Depths:4)
  13 ragged hierophants (Desolation)
  34 vault guards
  4 merfolk javelineers
  14 great orbs of eyes
  A caustic shrike simulacrum (IceCv)
  6 rakshasas
  14 ice dragons
  11 peacekeepers
  Erolcha (Orc:1)
  A catoblepas (Shoals:2)
  5 merfolk avatars
  2 ogre magi
  13 satyrs (Shoals:4)
  6 boulder beetles
  14 servants of whispers (Desolation)
  7 hydras
  3 spriggan air magi
  2 radroaches
  A death knight (D:15)
  5 merfolk aquamancers
  10 two-headed ogres
  4 ironbound frosthearts
  2 alligator snapping turtles
  Erica (D:11)
  12 centaur warriors
  The ghost of SirDiesAlot the Covert, a journeyman OpEn of Gozag (D:10)
  4 tengu warriors
  38 dancing weapons
  14 death yaks
  12 deep troll earth magi
  4 vampire magi
  15 deep troll shamans
  A hell hog (Depths:4)
  5 orc high priests (Orc:2)
  8 spriggan berserkers
  Urug (D:13)
  Sonja (Lair:4)
  4 demonic crawlers
  20 hell knights
  8 sun demons
  26 deep elf knights
  A fire crab (Lair:5)
  9 iron trolls
  16 soul eaters
  4 skysharks
  A skyshark (shapeshifter) (Vaults:3)
  Amaemon (Lair:2)
  5 pharaoh ants
  A salamander mystic (Depths:4)
  2 sixfirhies
  10 orb spiders
  20 deep elf archers
  12 sea snakes
  59 deep trolls
  A deep troll (shapeshifter) (Vaults:5)
  14 lindwurms
  A kraken simulacrum (Shoals:3)
  4 bog bodies (IceCv)
  2 sea snakes (shapeshifter) (Vaults:5)
  3 arcanists
  An obsidian statue (IceCv)
  A thermic dynamo (Elf:2)
  2 flayed ghosts
  20 ironbound convokers
  9 orc knights
  4 phantasmal warriors
  2 spriggan simulacra (IceCv)
  6 steelbarb worms
  27 harpies
  A steelbarb worm (shapeshifter) (Vaults:5)
  Pikel (D:7)
  45 deep elf pyromancers
  A sun moth (Spider:1)
  10 necromancers
  30 deep elf zephyrmancers
  27 wolf spiders
  13 manticores
  22 fauns
  An orc sorcerer (Orc:2)
  4 salamanders
  2 shining eyes (Depths:4)
  31 moths of wrath
  32 ugly things
  A salamander (shapeshifter) (Vaults:5)
  Maurice (D:8)
  21 elephants
  10 cyclopes
  A human zombie (Vaults:4)
  3 meliai (Spider:2)
  An elephant (shapeshifter) (Vaults:5)
  11 merfolk sirens
  10 apocalypse crabs (Zot:1)
  2 rust devils
  14 vault sentinels
  9 cane toads
  A black mamba (shapeshifter) (D:8)
  7 black mambas
  2 kobold blastminers (Orc:2)
  6 water nymphs
  A smoke demon (Depths:4)
  Maggie (D:8)
  A water nymph (shapeshifter) (Vaults:5)
  3 guardian serpents (Desolation)
  2 rime drakes
  A molten gargoyle (Desolation)
  A hellion (Hell)
  2 large abominations (D:7)
  3 torpor snails
  3 kobold demonologists
  3 orange demons
  6 komodo dragons
  27 freezing wraiths
  An efreet (D:13)
  An unseen horror (shapeshifter) (Elf:3)
  A spark wasp simulacrum (Depths:2)
  A tormentor (Depths:2)
  2 anaconda simulacra (IceCv)
  A yaktaur skeleton (Vaults:4)
  A troll (shapeshifter) (Elf:2)
  2 ice devils
  5 tengu conjurers
  2 red devils
  4 golden dragon simulacra
  32 merfolk
  2 hellwings
  24 yaktaurs
  8 polar bears
  7 wind drakes
  An elf simulacrum (Vaults:4)
  3 trolls
  8 hornets
  3 glass eyes
  A hydra skeleton (Hell)
  14 tarantellas
  23 dream sheep
  A draconian simulacrum (Zot:1)
  A raiju (shapeshifter) (D:15)
  78 saltlings (Desolation)
  A tengu simulacrum (Vaults:4)
  4 alligator simulacra (IceCv)
  14 blink frogs
  8 snapping turtles
  23 slime creatures
  23 culicivoras
  43 jumping spiders
  14 spriggans
  5 wraiths
  6 air elementals
  3 shadows
  2 wyverns
  3 dire elephant simulacra (IceCv)
  A ynoxinul (D:10)
  A spriggan (shapeshifter) (Depths:2)
  39 yaks
  8 fire elementals
  15 water elementals
  A human (shapeshifter) (Vaults:4)
  2 wargs
  2 humans (D:14)
  4 death yak simulacra (Shoals:3)
  2 alligator snapping turtle simulacra (Shoals:3)
  A golden eye (Depths:4)
  55 redbacks
  A steam dragon (Lair:2)
  2 human simulacra
  A minotaur simulacrum (IceCv)
  6 basilisks
  13 vampire mosquitoes
  A sea snake simulacrum (Shoals:3)
  A chaos spawn (D:10)
  8 harpy simulacra
  An acid dragon (D:11)
  14 water moccasins
  14 hell hounds
  3 moth of wrath simulacra (Zot:1)
  38 orc warriors
  4 ice beasts
  An ice beast (shapeshifter) (D:13)
  A sky beast (D:6)
  4 black bears
  2 satyr simulacra (Shoals:3)
  5 boggarts
  2 laughing skulls (D:13)
  3 centaurs
  6 ogres
  23 wolves
  2 lemures (D:8)
  A phantom (D:4)
  7 kobold brigands
  8 bullfrogs
  2 deep troll simulacra (IceCv)
  2 earth elementals
  A gnoll sergeant (D:9)
  3 scorpions
  2 merfolk simulacra (Shoals:3)
  8 wights
  5 killer bees (D:7)
  3 lindwurm simulacra (IceCv)
  A manticore simulacrum (Shoals:3)
  2 snapping turtle simulacra (Shoals:3)
  3 bombardier beetles
  3 howler monkeys
  3 electric eels
  A wyvern simulacrum (D:8)
  3 hounds
  A jelly (D:5)
  35 orc priests
  2 gnoll boudas
  Ijyb (D:3)
  A cyclops simulacrum (Shoals:3)
  An iguana (D:4)
  11 orc wizards
  A sleepcap (D:6)
  Natasha (thrice) (D:4)
  12 hell rats (Lair:4)
  5 centaur simulacra
  2 killer bee simulacra (D:8)
  21 adders
  An adder (shapeshifter) (D:14)
  3 gnolls (D:9)
  3 white imps
  2 ufetubi (D:5)
  3 dart slugs
  A ribbon worm (D:4)
  77 orcs
  15 ball pythons
  4 bats
  10 endoplasms
  7 giant cockroaches
  10 goblins
  6 hobgoblins
  8 jackals
  6 quokkas
  2 frilled lizards
  30 kobolds
  8 rats
2565 creatures vanquished.

Vanquished Creatures (collateral kills)
  A tentacled monstrosity (Vaults:5)
  A sphinx (Vaults:5)
  A vault warden (Vaults:5)
  Louise (Spider:2)
  A stone giant (Depths:3)
  2 great orbs of eyes
  A vault guard (Vaults:5)
  An arcanist (Vaults:2)
  A glowing orange brain (Depths:3)
  A necromancer (Vaults:5)
  An ugly thing (Vaults:2)
  A freezing wraith (Vaults:5)
13 creatures vanquished.

Vanquished Creatures (others)
  A draconian monk (Zot:1)
  An emperor scorpion (Spider:4)
  A very ugly thing (Depths:3)
  A merfolk javelineer (Shoals:4)
  2 deep elf knights
  A pharaoh ant (Spider:1)
  2 deep elf zephyrmancers (Elf:3)
  A thermic dynamo (Elf:2)
  2 deep elf pyromancers
  A moth of wrath (Zot:1)
  A vault sentinel (Vaults:4)
  2 merfolk sirens (Shoals:4)
  A molten gargoyle (Desolation)
  2 merfolk (Shoals:4)
  A saltling (Desolation)
  A water elemental (Shoals:4)
  4 tentacles (Shoals:3)
25 creatures vanquished.

Grand Total: 2603 creatures vanquished

Notes
Turn   | Place    | Note
-------+----------+-------------------------------------------
     0 | D:1      | juan097 the Minotaur Berserker began the quest for the Orb.
     0 | D:1      | Reached XP level 1. HP: 19/19 MP: 0/0
   304 | D:1      | Reached XP level 2. HP: 27/27 MP: 1/1
   706 | D:1      | Reached XP level 3. HP: 33/33 MP: 2/2
   789 | D:1      | Reached ** piety under Trog
   869 | D:2      | Found a faded altar of an unknown god.
  1230 | D:2      | Reached XP level 4. HP: 39/41 MP: 3/3
  2110 | D:3      | Reached skill level 1 in Shields
  2156 | D:3      | Reached *** piety under Trog
  2174 | D:3      | Reached skill level 5 in Fighting
  2174 | D:3      | Reached XP level 5. HP: 46/48 MP: 4/4
  2183 | D:3      | Noticed Ijyb
  2195 | D:3      | Killed Ijyb
  2257 | D:3      | Reached skill level 5 in Axes
  2791 | D:4      | Noticed Natasha
  2795 | D:4      | Killed Natasha
  2856 | D:4      | Found a staircase to the Ecumenical Temple.
  2905 | D:3      | Reached XP level 6. HP: 35/56 MP: 5/5
  3150 | D:4      | Noticed Natasha
  3156 | D:4      | Killed Natasha
  3333 | D:4      | Found a hazy altar of Hepliaklqana.
  3334 | D:4      | Found a faded altar of an unknown god.
  3457 | D:4      | Noticed Natasha
  3489 | D:4      | Reached XP level 7. HP: 61/63 MP: 6/6
  3502 | D:4      | Found a snail-covered altar of Cheibriados.
  3547 | D:4      | Killed Natasha
  3645 | D:4      | Found Ziunnef's General Store.
  3647 | D:4      | Identified the +8 dagger "Duneeshri" {drain, Str+3 Dex+2}
  3653 | D:4      | Bought a +0 broad axe for 52 gold pieces
  3653 | D:4      | Bought a scroll of brand weapon for 123 gold pieces
  3712 | D:4      | Found a blossoming altar of Fedhas.
  3770 | D:4      | Reached **** piety under Trog
  4171 | Temple   | Entered the Ecumenical Temple
  4197 | D:5      | Entered Level 5 of the Dungeon
  4210 | D:5      | Identified a scroll of acquirement
  4217 | D:5      | Acquired a manual of Armour
  4236 | D:5      | Reached skill level 1 in Evocations
  4264 | D:5      | Found a white marble altar of Elyvilon.
  4283 | D:5      | Reached XP level 8. HP: 71/71 MP: 7/7
  4289 | D:5      | Found an iron altar of Okawaru.
  4374 | D:5      | Reached skill level 5 in Armour
  5593 | D:7      | Found a flagged portal.
  5611 | D:7      | Reached XP level 9. HP: 57/79 MP: 8/8
  5617 | D:7      | Reached ***** piety under Trog
  5635 | Bailey   | Entered a bailey
  5838 | Bailey   | Noticed an orc knight
  5853 | Bailey   | Killed an orc knight
  5854 | Bailey   | Reached skill level 10 in Axes
  5935 | Bailey   | Found a large runed translucent door.
  5935 | Bailey   | Found a large runed translucent door.
  5936 | Bailey   | Noticed a deep elf pyromancer
  5939 | Bailey   | Found the +8 orange crystal plate armour {Archmagi, Int+3
                  | Clar}
  6041 | Bailey   | Killed a deep elf pyromancer
  6114 | Bailey   | Identified the +1 scale mail "Fulablash" {rCorr Str+5
                  | Int+5}
  6349 | D:7      | Noticed a two-headed ogre
  6356 | D:7      | Killed a two-headed ogre
  6872 | D:7      | Reached skill level 1 in Throwing
  6872 | D:7      | Reached XP level 10. HP: 88/88 MP: 9/9
  7148 | D:8      | Noticed Pikel
  7160 | D:7      | Killed Pikel
  7260 | D:8      | a golden eye changed into a black mamba
  7260 | D:8      | Noticed a black mamba (shapeshifter)
  7263 | D:8      | Killed a black mamba
  7351 | D:8      | Noticed a two-headed ogre
  7364 | D:8      | Killed a two-headed ogre
  7365 | D:8      | Reached skill level 5 in Shields
  7738 | D:8      | Reached skill level 5 in Evocations
  7777 | D:8      | Reached skill level 10 in Armour
  7807 | D:8      | Found a staircase to the Lair.
  8272 | D:8      | Noticed Maggie
  8276 | D:8      | Noticed Maurice
  8280 | D:8      | Killed Maggie
  8281 | D:8      | Reached XP level 11. HP: 97/97 MP: 10/10
  8333 | D:8      | Killed Maurice
  8540 | Lair:1   | Entered Level 1 of the Lair of Beasts
  8746 | Lair:1   | Identified the +1 scale mail "Sampupat" {rN++ Str+6 Dex-2}
  9267 | Lair:1   | Identified the +13 spear "Hell-Harrower" {flame, *Rage
                  | rPois rN++ SInv} (Trog gifted it to you on level 1 of the
                  | Lair of Beasts)
  9267 | Lair:1   | Received a gift from Trog
  9323 | Lair:2   | Reached skill level 10 in Fighting
  9468 | Lair:2   | Noticed Amaemon
  9500 | Lair:2   | Killed Amaemon
  9718 | Lair:2   | Reached XP level 12. HP: 105/106 MP: 9/11
  9740 | Lair:2   | Noticed an eight-headed hydra
  9749 | Lair:2   | Killed a nine-headed hydra
  9750 | Lair:2   | Reached skill level 15 in Axes
  9995 | Lair:2   | Noticed a seven-headed hydra
 10008 | Lair:2   | Killed a 12-headed hydra
 10559 | Lair:3   | Identified the +1 ring mail of the King of Wands {rF+
                  | Dex+2}
 10719 | Lair:3   | Found a hazy altar of Hepliaklqana.
 10724 | Lair:3   | Found a hole to the Spider Nest.
 11146 | Lair:4   | Noticed a four-headed hydra
 11160 | Lair:4   | Killed an eight-headed hydra
 11203 | Lair:4   | Noticed a death yak
 11203 | Lair:4   | Noticed a death yak
 11203 | Lair:4   | Noticed a death yak
 11230 | Lair:3   | Killed a death yak
 11269 | Lair:4   | Noticed a death yak
 11270 | Lair:4   | Noticed a death yak
 11306 | Lair:3   | Killed a death yak
 11416 | Lair:4   | Killed a death yak
 11431 | Lair:3   | Killed a death yak
 11443 | Lair:4   | Killed a death yak
 11491 | Lair:4   | Noticed Sonja
 11493 | Lair:4   | Killed Sonja
 11505 | Lair:4   | Identified the +2 battleaxe "Opeebymn" {heavy, Str+3} (Trog
                  | gifted it to you on level 4 of the Lair of Beasts)
 11505 | Lair:4   | Received a gift from Trog
 11521 | Lair:4   | Reached XP level 13. HP: 90/117 MP: 12/12
 11594 | Lair:4   | Reached skill level 1 in Stealth
 11709 | Lair:4   | Found a viscous altar of Jiyva.
 11709 | Lair:4   | Found a staircase to the Slime Pits.
 12340 | Lair:5   | Entered Level 5 of the Lair of Beasts
 12422 | Lair:5   | Reached skill level 5 in Throwing
 12505 | Lair:5   | Reached skill level 15 in Armour
 13228 | Lair:5   | Identified the ring of Vacsalou {Will+ Int+3 Slay+4}
 13272 | Lair:5   | Reached skill level 5 in Stealth
 13356 | Lair:5   | Received a gift from Trog
 13507 | Lair:5   | Reached XP level 14. HP: 110/126 MP: 10/13
 13523 | Lair:5   | Reached ****** piety under Trog
 13646 | Lair:5   | Reached skill level 5 in Dodging
 15238 | D:9      | Found Iphima's Book Boutique.
 15474 | D:10     | Entered Level 10 of the Dungeon
 15710 | D:10     | Found Bejudd's Antique Armour Emporium.
 15720 | D:10     | Bought a runed buckler for 247 gold pieces
 16190 | D:10     | Found a runed translucent door.
 16227 | D:10     | Noticed SirDiesAlot's ghost (journeyman OpEn)
 16396 | D:10     | Killed SirDiesAlot's ghost
 16470 | D:11     | Received a gift from Trog
 16811 | D:11     | Found a staircase to the Orcish Mines.
 16951 | D:11     | Noticed Snorg
 16967 | D:11     | Killed Snorg
 17388 | Orc:1    | Entered Level 1 of the Orcish Mines
 17389 | Orc:1    | Noticed Erica
 17391 | Orc:1    | Noticed Erolcha
 17402 | D:11     | Killed Erica
 17412 | Orc:1    | Killed Erolcha
 17491 | Orc:1    | Received a gift from Trog
 17857 | Orc:2    | Entered Level 2 of the Orcish Mines
 17925 | Orc:2    | Found a staircase to the Elven Halls.
 18505 | Orc:2    | Received a gift from Trog
 18620 | Orc:2    | Reached skill level 10 in Evocations
 19298 | Orc:2    | Reached XP level 15. HP: 112/138 MP: 10/14
 19377 | Orc:2    | Found Caebumoegg's Jewellery Shop.
 19380 | Orc:2    | Found Hydolo's General Store.
 19381 | Orc:2    | Found Kumat's Magic Scroll Shop.
 19382 | Orc:2    | Found Alud Zim's Distillery.
 19385 | Orc:2    | Bought a scroll of poison for 44 gold pieces
 19388 | Orc:2    | Bought a potion of degeneration for 15 gold pieces
 19569 | Orc:2    | Bought a potion of attraction for 45 gold pieces
 19569 | Orc:2    | Bought a potion of enlightenment for 75 gold pieces
 19569 | Orc:2    | Bought 2 potions of might for 120 gold pieces
 19570 | Orc:2    | Bought the ring "Veuwkuadgh" {rElec Int+6 SInv Stlth-} for
                  | 633 gold pieces
 19578 | Orc:2    | Bought a phial of floods for 520 gold pieces
 19578 | Orc:2    | Bought a scroll of fog for 52 gold pieces
 19578 | Orc:2    | Bought 4 curare-tipped darts for 62 gold pieces
 19580 | Orc:2    | Bought a scroll of identify for 22 gold pieces
 19602 | Orc:2    | Bought a potion of curing for 45 gold pieces
 19602 | Orc:2    | Bought a potion of curing for 45 gold pieces
 20246 | D:12     | Identified the maw talisman of Cipsoro {Str+5 Dex+4}
 20246 | D:12     | Noticed Rupert
 20264 | D:12     | Killed Rupert
 20625 | D:13     | Noticed Urug
 20631 | D:13     | Killed Urug
 20791 | D:13     | Noticed Azrael
 20814 | D:13     | Killed Azrael
 21074 | D:13     | Noticed Frances
 21088 | D:13     | Killed Frances
 21450 | D:13     | Received a gift from Trog
 22274 | D:14     | Found an iron altar of Okawaru.
 22534 | D:14     | Identified the +0 robe of Hedonism {rPois rC- Will+++
                  | Dex+3}
 22671 | D:14     | Found a gate to the Vaults.
 22945 | D:15     | Entered Level 15 of the Dungeon
 22959 | D:15     | Found a shadowy altar of Dithmenos.
 23647 | D:15     | Found a staircase to the Depths.
 23668 | D:15     | Reached skill level 15 in Fighting
 24028 | Spider:1 | Entered Level 1 of the Spider Nest
 24047 | Spider:1 | Identified the +5 war axe "Concordance" {heavy, Fly Will+
                  | Str+2} (Trog gifted it to you on level 1 of the Spider
                  | Nest)
 24047 | Spider:1 | Received a gift from Trog
 24199 | Spider:1 | Reached XP level 16. HP: 141/149 MP: 15/15
 25398 | Spider:2 | Identified the +6 flail "Vucrienn" {freeze, rC+}
 25837 | Spider:2 | Noticed Louise
 25860 | Spider:2 | Killed Louise
 26398 | Spider:3 | Reached skill level 10 in Throwing
 26567 | Spider:3 | Received a gift from Trog
 27470 | Spider:4 | Entered Level 4 of the Spider Nest
 27759 | Spider:4 | Noticed Arachne
 27863 | Spider:3 | Killed Arachne
 28326 | Spider:4 | Received a gift from Trog
 28441 | Spider:4 | Reached XP level 17. HP: 159/159 MP: 1/16
 29060 | Spider:4 | Found a runed translucent door.
 29069 | Spider:4 | Noticed Upnec's ghost (adept DEAE)
 29597 | Spider:4 | Got a gossamer rune of Zot
 29772 | Spider:4 | Killed Upnec's ghost
 29948 | Spider:4 | Acquired 606 gold pieces
 30032 | Shoals:1 | Entered Level 1 of the Shoals
 30283 | Shoals:1 | Reached skill level 10 in Shields
 30746 | Shoals:1 | Received a gift from Trog
 30821 | Shoals:1 | Reached skill level 10 in Dodging
 31785 | Shoals:2 | Found a glacial archway.
 31846 | IceCv    | Entered an ice cave
 32113 | IceCv    | Found an ancient bone altar of Kikubaaqudgha.
 32556 | IceCv    | Identified the +2 hand axe of the Bruised Ghosts {flame,
                  | rF+ Dex+3 SInv} (Trog gifted it to you in an ice cave)
 32556 | IceCv    | Received a gift from Trog
 32615 | IceCv    | Noticed a lich
 32625 | IceCv    | Killed a lich
 32626 | IceCv    | Reached XP level 18. HP: 171/171 MP: 17/17
 32900 | Shoals:2 | Noticed Polyphemus
 32928 | Shoals:2 | Killed Polyphemus
 35036 | Shoals:3 | Found a runed translucent gate.
 35036 | Shoals:3 | Found a runed translucent gate.
 35036 | Shoals:3 | Found a runed translucent gate.
 35480 | Shoals:3 | Received a gift from Trog
 35560 | Shoals:4 | Entered Level 4 of the Shoals
 36245 | Shoals:4 | Paralysed by a formless jellyfish for 1 turns
 36457 | Shoals:4 | Received a gift from Trog
 36611 | Shoals:4 | Got a barnacled rune of Zot
 36795 | Shoals:4 | Reached XP level 19. HP: 77/181 MP: 18/18
 37118 | Shoals:4 | Identified the amulet of Fehif {Reflect rN+ Slay+2 SH+5}
 37600 | D:4      | Bought 2 silver javelins for 234 gold pieces
 37818 | Orc:2    | Bought a potion of magic for 120 gold pieces
 38018 | Vaults:1 | Entered Level 1 of the Vaults
 38169 | Vaults:1 | Noticed Norris
 38186 | Vaults:1 | Killed Norris
 38310 | Vaults:1 | Found Yczouwi's Weapon Emporium.
 38328 | Vaults:1 | You are sucked into a shaft and drop 1 floor!
 38339 | Vaults:2 | Found Ynwul's General Store.
 38376 | Vaults:2 | Received a gift from Trog
 38402 | Vaults:2 | Bought a scroll of blinking for 90 gold pieces
 38437 | Vaults:2 | Found a crumbling gateway.
 38465 | Desolati | Entered the Desolation of Salt
 39534 | Desolati | Received a gift from Trog
 39583 | Desolati | Identified the ring of Ypa Soka {rPois rN+ Str+6}
 39765 | Desolati | Identified the +1 chain mail of Yvamav {rF++}
 39811 | Desolati | Identified the +1 helmet of the Sailor {rF++}
 39975 | Desolati | Identified the +1 pair of boots of Resourcefulness {Harm
                  | ^Drain rElec}
 39993 | Desolati | Identified the +0 scale mail "Oqy Ahuh" {rF++ rC+}
 39997 | Desolati | Identified the ring of Loucris {rElec rC+ Dex-4 Slay+2}
 40041 | Desolati | Got Loereeg's Spellbook of Spagyric Geometries
 40256 | Desolati | Identified the ring "Feyrofie" {rF++ EV+5}
 40481 | Desolati | Identified the amulet of Cecer {Faith Int+2 Dex+3}
 40488 | Desolati | Identified the +6 halberd of Armageddon {freeze, rElec rC-
                  | SInv}
 40547 | Desolati | Received a gift from Trog
 41285 | Vaults:2 | Reached XP level 20. HP: 141/192 MP: 19/19
 41618 | Vaults:1 | Reached skill level 15 in Shields
 42708 | Vaults:1 | Received a gift from Trog
 43390 | Vaults:2 | Identified the +3 flail of War {drain, rC+ Str+6 Int+3}
 44290 | Vaults:3 | Received a gift from Trog
 44638 | Vaults:3 | Found a staircase to the Crypt.
 45698 | Vaults:4 | Received a gift from Trog
 45938 | Vaults:4 | Reached XP level 21. HP: 203/203 MP: 20/20
 45942 | Vaults:4 | Reached skill level 15 in Throwing
 46460 | Depths:1 | Entered Level 1 of the Depths
 46565 | Depths:1 | Reached skill level 15 in Evocations
 46891 | Depths:1 | Found a transporter.
 47136 | Depths:1 | Found a portal to a secret trove of treasure.
 47151 | Depths:1 | Found a one-way gate to the infinite horrors of the Abyss.
 47190 | Depths:1 | Found a one-way gateway to a ziggurat.
 47377 | Depths:1 | Found a one-way gate leading to the halls of Pandemonium.
 47424 | Depths:1 | Found a gateway to Hell.
 47681 | Depths:1 | Found Faefujef's Armour Shoppe.
 47892 | Depths:2 | Identified the +7 war axe "Itiny" {heavy, rPois} (Trog
                  | gifted it to you on level 2 of the Depths)
 47892 | Depths:2 | Received a gift from Trog
 48134 | Depths:2 | Identified the +1 quarterstaff of Immorality {spect, *Rage
                  | Str+4}
 49006 | Depths:2 | Noticed Bai Suzhen
 49017 | Depths:2 | Killed Bai Suzhen
 49128 | Depths:2 | Identified the +5 war axe "Pazis" {heavy, *Rage rN++ Dex+4}
                  | (Trog gifted it to you on level 2 of the Depths)
 49128 | Depths:2 | Received a gift from Trog
 49331 | Depths:2 | Identified the +1 robe "Zel Wase" {rC- Will+ Str+3}
 49332 | Depths:2 | Identified the +1 scale mail "Zocun" {rF+ Dex+3}
 49574 | Depths:2 | Identified the +7 mace of the Sky {drain, rF+ MP-9 Int+4
                  | Stlth+}
 49713 | Depths:2 | Reached XP level 22. HP: 200/215 MP: 21/21
 49814 | Depths:2 | Noticed Mara
 49820 | Depths:2 | Noticed juan097's illusion
 49824 | Depths:2 | Noticed juan097's illusion
 49835 | Depths:2 | Killed Mara
 50782 | Depths:3 | Noticed a caustic shrike
 50791 | Depths:3 | Killed a caustic shrike
 51071 | Depths:3 | Identified the +5 war axe of Weawe {flame, rC++ SInv} (Trog
                  | gifted it to you on level 3 of the Depths)
 51071 | Depths:3 | Received a gift from Trog
 51143 | Depths:3 | Reached skill level 15 in Dodging
 52007 | Depths:4 | Entered Level 4 of the Depths
 52601 | Depths:4 | Noticed a caustic shrike
 52615 | Depths:4 | Killed a caustic shrike
 53323 | Depths:4 | Received a gift from Trog
 53381 | Depths:4 | Reached XP level 23. HP: 84/229 MP: 22/22
 53389 | Depths:4 | Noticed a caustic shrike
 53393 | Depths:4 | Noticed a caustic shrike
 53394 | Depths:4 | Killed a caustic shrike
 53402 | Depths:4 | Killed a caustic shrike
 53745 | Depths:4 | Found a gate to the Realm of Zot.
 54344 | Depths:4 | Noticed a caustic shrike
 54386 | Depths:4 | Found a glowing golden altar of the Shining One.
 54431 | Depths:4 | Killed a caustic shrike
 54791 | Elf:1    | Entered Level 1 of the Elven Halls
 54800 | Elf:1    | Received a gift from Trog
 54811 | Elf:1    | Found a huge runed translucent gate.
 54811 | Elf:1    | Found a huge runed translucent gate.
 54811 | Elf:1    | Found a huge runed translucent gate.
 54811 | Elf:1    | Found a huge runed translucent gate.
 54811 | Elf:1    | Found a huge runed translucent gate.
 54811 | Elf:1    | Found a huge runed translucent gate.
 54811 | Elf:1    | Found a huge runed translucent gate.
 54811 | Elf:1    | Found a huge runed translucent gate.
 54811 | Elf:1    | Found a huge runed translucent gate.
 54811 | Elf:1    | Found a huge runed translucent gate.
 54812 | Elf:1    | Found a huge runed translucent gate.
 54812 | Elf:1    | Found a huge runed translucent gate.
 54812 | Elf:1    | Found a huge runed translucent gate.
 54812 | Elf:1    | Found a huge runed translucent gate.
 54817 | Elf:1    | Found a huge runed translucent gate.
 54817 | Elf:1    | Found a huge runed translucent gate.
 54817 | Elf:1    | Found a huge runed translucent gate.
 54817 | Elf:1    | Found a huge runed translucent gate.
 54817 | Elf:1    | Found a huge runed translucent gate.
 54817 | Elf:1    | Found a huge runed translucent gate.
 55189 | Elf:1    | Paralysed by an air elemental for 1 turns
 55501 | Elf:1    | Identified the +8 trident of Tension {heavy, Str+3 Stlth+}
                  | (Trog gifted it to you on level 1 of the Elven Halls)
 55501 | Elf:1    | Received a gift from Trog
 56034 | Elf:2    | Found Iptusar's Weapon Emporium.
 56042 | Elf:1    | Paralysed by an air elemental for 1 turns
 56107 | Elf:2    | Found Leorpheu's Antique Weapon Shop.
 56291 | Elf:2    | Found Jydd's Antique Armour Shoppe.
 56332 | Elf:2    | Found Qexilese's Distillery.
 56340 | Elf:2    | Bought a potion of heal wounds for 80 gold pieces
 56340 | Elf:2    | Bought a potion of haste for 160 gold pieces
 56340 | Elf:2    | Bought a potion of might for 64 gold pieces
 56340 | Elf:2    | Bought a potion of enlightenment for 80 gold pieces
 56340 | Elf:2    | Bought a potion of invisibility for 128 gold pieces
 56398 | Elf:2    | Paralysed by an air elemental for 1 turns
 56423 | Elf:2    | Received a gift from Trog
 56525 | Elf:2    | Found a runed translucent gate.
 56525 | Elf:2    | Found a runed translucent gate.
 56526 | Elf:2    | Found a runed translucent gate.
 56589 | Elf:2    | Found Xezomat's Armour Shop.
 57136 | Elf:3    | Entered Level 3 of the Elven Halls
 57339 | Elf:3    | Received a gift from Trog
 57550 | Elf:3    | Reached XP level 24. HP: 238/243 MP: 22/22
 57614 | Elf:3    | Received a gift from Trog
 58037 | Elf:3    | Identified the +1 cloak of the World {rC- MP+9 Int+7
                  | Stlth+}
 58050 | Elf:3    | Identified the staff "Onlema" {Str+2 Dex+3 Earth}
 58089 | Elf:3    | Found the +6 arbalest "Damnation" {damnation}
 58320 | Elf:3    | Found a runed translucent door.
 58879 | Elf:3    | Identified the staff of Xeafe {rF+ rN+ Necro}
 58883 | Elf:3    | Received a gift from Trog
 59062 | Elf:3    | Got the Atlas of Ice
 59395 | Vaults:5 | Entered Level 5 of the Vaults
 59805 | Vaults:5 | Noticed a dread lich
 59821 | Vaults:4 | Killed a dread lich
 60007 | Vaults:5 | Noticed a dread lich
 60103 | Vaults:4 | Killed a dread lich
 60120 | Vaults:4 | Received a gift from Trog
 60646 | Vaults:5 | Noticed an ancient lich
 60653 | Vaults:5 | Killed an ancient lich
 60683 | Vaults:5 | Identified the +0 leather armour of the Nine Knives {rF+
                  | Will- Int+6 Slay-3}
 60686 | Vaults:5 | Reached XP level 25. HP: 135/253 MP: 22/22
 60692 | Vaults:5 | Received a gift from Trog
 60992 | Vaults:5 | Identified the +8 shortbow "Sotot" {heavy, rPois Str+2}
 61105 | Vaults:5 | Identified the ring of Autumn {rC+ Will+ rCorr Int+3 Dex+2}
 61108 | Vaults:5 | Identified the +11 hand axe of Amasch {elec, Will+ rCorr
                  | Int-2}
 61234 | Vaults:5 | Identified the +0 plate armour "Agun" {Harm MP-9 Int+3}
 61366 | Vaults:5 | Identified the staff of Atil {rPois Str+2 Dex+4 Alchemy}
 61477 | Vaults:5 | Got a silver rune of Zot
 61708 | Vaults:5 | Noticed a dread lich
 61722 | Vaults:5 | Killed a dread lich
 61722 | Vaults:5 | Received a gift from Trog
 61755 | Vaults:5 | Noticed an ancient lich
 61773 | Vaults:5 | Killed an ancient lich
 62519 | Vaults:5 | Acquired the +4 kite shield "Piwun" {rElec Slay+3}
 62731 | Hell     | Entered the Vestibule of Hell
 62731 | Hell     | Noticed Geryon
 63218 | Hell     | Noticed Murray
 63524 | Depths:4 | Killed Murray
 63551 | Hell     | Killed Geryon
 63736 | Depths:1 | You paid a toll of the horn of Geryon to enter a treasure
                  | trove
 63737 | Trove    | Entered a treasure trove
 63876 | Zot:1    | Entered Level 1 of the Realm of Zot
 63939 | Zot:1    | Identified the ring of Attitude {Ice rElec Will++ Dex-4
                  | SInv}
 63939 | Zot:1    | Noticed Josephina
 63954 | Zot:1    | Killed Josephina
 63954 | Zot:1    | Received a gift from Trog
 66216 | Zot:2    | Reached XP level 26. HP: 260/264 MP: 15/22
 67929 | Zot:3    | Reached skill level 27 in Fighting
 67929 | Zot:3    | Reached skill level 27 in Armour
 68965 | Zot:3    | Identified the amulet of the Peasants {Spirit rPois rN+
                  | Regen+ Str+6}
 68967 | Zot:3    | Received a gift from Trog
 70024 | Zot:4    | Received a gift from Trog
 70353 | Zot:4    | Identified the +0 leather armour of Atwid {Dex+2}
 70379 | Zot:5    | Entered Level 5 of the Realm of Zot
 70885 | Zot:5    | Noticed a dread lich
 70909 | Zot:5    | Killed a dread lich
 70910 | Zot:5    | Reached XP level 27. HP: 273/273 MP: 7/22
 70917 | Zot:5    | Noticed an ancient lich
 70936 | Zot:5    | Killed an ancient lich
 70979 | Zot:5    | Noticed a dread lich
 70980 | Zot:5    | Noticed an orb of fire
 70984 | Zot:5    | Noticed an ancient lich
 70985 | Zot:5    | Noticed a dread lich
 70989 | Zot:5    | Gained mutation: Your magical capacity is low. (-10% MP)
                  | [an orb of fire]
 70995 | Zot:5    | Noticed an orb of fire
 71001 | Zot:5    | Killed an ancient lich
 71001 | Zot:5    | Gained mutation: You are clumsy. (Dex -2) [an orb of fire]
 71004 | Zot:5    | Killed a dread lich
 71010 | Zot:5    | Killed an orb of fire
 71149 | Zot:5    | Received a gift from Trog
 71232 | Zot:5    | Noticed a dread lich
 71237 | Zot:5    | Noticed a dread lich
 71242 | Zot:5    | Killed a dread lich
 71245 | Zot:5    | Noticed an orb of fire
 71246 | Zot:5    | Noticed an orb of fire
 71252 | Zot:5    | Paralysed by a Zot trap for 4 turns
 71252 | Zot:5    | Gained mutation: You occasionally shout uncontrollably at
                  | your foes. [an orb of fire]
 71255 | Zot:5    | Gained mutation: Your body sometimes deteriorates upon
                  | taking damage. [an orb of fire]
 71267 | Zot:5    | Gained mutation: You are frail. (-10% HP) [an orb of fire]
 71279 | Zot:5    | Killed an orb of fire
 71282 | Zot:5    | Killed an orb of fire
 71290 | Zot:5    | Killed a dread lich
 71392 | Zot:5    | Noticed an ancient lich
 71410 | Zot:5    | Killed an orb of fire
 71417 | Zot:5    | Killed an ancient lich
 71465 | Zot:5    | Killed a dread lich
 71771 | Zot:5    | Got the Orb of Zot
 72323 | D:$      | Escaped with the Orb!

Illustrated notes

Levels and vault maps discovered:
D:1:      dpeg_arrival_pits, layout_basic, st_stairs_2, minmay_fountain_box
D:2:      kennysheep_six_static_rooms, layout_basic, nicolae_ecumenical_pavilion
D:3:      minmay_door_path, layout_loops_ring, uniq_ijyb
D:4:      minmay_clustersquares, layout_basic, fedhas_altar_1,
          beargit_hepliaklqana_dungeon_heroes, mainiacjoe_overflow_catwalk,
          minmay_temple_entry_water_ring, serial_shops, nicolae_square_shop,
          uniq_natasha
D:5:      layout_rooms, mainiacjoe_overflow_catwalk_spiral
D:6:      layout_gridville, minmay_crossroads
D:7:      layout_cave_pods, enter_bailey_5
D:8:      kennysheep_big_flooded_room, layout_rooms, minmay_lair_entry_grove,
          serial_ice, serial_ice_f, serial_ice_b, serial_ice_j, serial_ice_c,
          serial_ice_g, serial_ice_n, uniq_maggie, uniq_pikel, uniq_maurice
D:9:      layout_loops_ring, serial_shops, kennysheep_mini_moat,
          minmay_misc_feat_columns
D:10:     layout_basic, serial_shops, shop, serial_demonic, serial_demonic_c,
          serial_demonic_d, serial_demonic_g, serial_demonic_c,
          ebering_ghost_reflecting_pool
D:11:     layout_grid_maze, erik_orc_3, serial_glass, glass_columns_c,
          glass_columns_a, glass_columns_c, glass_columns_a, item_on_display_b,
          item_on_display_a, feat_on_display, uniq_snorg
D:12:     layout_loops_corners, uniq_rupert
D:13:     layout_roguey, minmay_misc_feat_room, hangedman_decor_clover_reticule,
          nicolae_two_hexagons, uniq_frances, uniq_urug, uniq_azrael
D:14:     kennysheep_blocky_hall, layout_loops_ring, hellmonk_vaults_keyhole,
          okawaru_metal_pillars_1_2
D:15:     hangedman_depths_entry_try_elsewhere_first, layout_rooms,
          grunt_dithmenos_shadows
Temple:   minmay_crystal_spiral_temple
Lair:1:   layout_chaotic_city
Lair:2:   layout_chaotic_city, st_stairs_9, grunt_megastairs_3, uniq_amaemon
Lair:3:   layout_layer_cave, nicolae_shoals_entry_flooding, dummy_spider_entry,
          basic_altar
Lair:4:   layout_hall_layers, dpeg_slime_entry_enclosed,
          chequers_serial_rivers_room_b, dreamdust_gnoll_shepherd, uniq_sonja
Lair:5:   minmay_lair_end_enchanted_forest, layout_regular_city,
          eino_small_chamber_without_monster, minmay_lindwurm_lava,
          infiniplex_staircase_pool_2
Shoals:1: cheibrodos_shoals_baths, layout_shoals, st_sunken_huts
Shoals:2: layout_shoals, portal_ice_cave_entry_pillars_three, uniq_polyphemus
Shoals:3: layout_shoals, nicolae_shoals_beach_cooler
Shoals:4: shoals_end_hellmonk_lost_city
Spider:1: layout_spider_delve
Spider:2: layout_cave_pods, uniq_louise
Spider:3: layout_spider_delve, nicolae_spider_checkerboard
Spider:4: grunt_spider_rune_circles, hellmonk_ghost_happy_afterlife,
          uniq_arachne
Orc:1:    layout_caves, uniq_erica, uniq_erolcha
Orc:2:    st_orc_pillars, layout_caves
Elf:1:    kennysheep_blocky_room, layout_gridlike, hangedman_elf_represent
Elf:2:    nicolae_elf_blades_splatter_lattice
          [nicolae_blade_entry_sentries_behind_glass], layout_rooms,
          serial_shops, nicolae_shop_bloodbath_and_beyond,
          nicolae_stop_n_shop_2, shop, nicolae_shop_advertising_works
          [nicolae_subvault_shop_adworks], nicolae_lakefront_shop
Elf:3:    minmay_elf_hall_four_x, layout_loops_corners, roderic_roman_lattice,
          minivault_13
Vaults:1: v_misc_1, hangedman_vaults_restitches, v_pattern_2, vaults_dpeg_cross,
          dpeg_vaults_monster_box, vaults_mumra_hexcomb,
          nicolae_vaults_more_shelving_2, nicolae_vaults_little_squares_5,
          nicolae_vaults_security_offices_4, nicolae_vaults_diamond_2,
          nicolae_vaults_little_squares_6, vaults_room_stairs_pillars,
          vaults_dpeg_ring, layout_vaults_big_room, serial_shops, shop_statue,
          uniq_norris
Vaults:2: portal_desolation_entry_twin_temple, vaults_dpeg_hooks,
          nicolae_vaults_tetromino_Z_1, nicolae_vaults_offset_grid_hallway_2,
          nicolae_vaults_tangram_1, nicolae_vaults_variable_pillar_hall,
          nicolae_vaults_turnstiles, nicolae_vaults_angled_halls,
          nicolae_vaults_house_2, nicolae_vaults_double_plus_1,
          nicolae_vaults_little_squares_4, serial_ice_h,
          layout_vaults_maze_bifur, serial_shops, shop
Vaults:3: minmay_crypt_entry_simple_statues, vaults_mumra_lcd,
          nicolae_vaults_mitosis, nicolae_vaults_offset_grid_hallway_1,
          v_pattern_3, serial_library_regret_index_small_wings,
          nicolae_vaults_security_offices_2, layout_vaults_omnigrid
Vaults:4: nicolae_vaults_closet_pinwheel_5, nicolae_vaults_storage_room_statues,
          nicolae_vaults_specimen_jars, nicolae_vaults_tetromino_Z_2,
          hangedman_vaults_slither, v_misc_9, nicolae_vaults_shelves_hall,
          ontoclasm_vaults_spin, nicolae_vaults_double_plus_2,
          hangedman_vaults_pinch, vaults_mumra_minichess,
          nicolae_vaults_trapezoid_lopsided_2, layout_vaults_omnibox
Vaults:5
Depths:1: layout_forbidden_donut, enter_ziggurat_e,
          nicolae_trove_entry_free_sample, serial_shops,
          nicolae_shop_mannequins, abyss_entry, hell_entry,
          rand_demon_pan_entry_7, nicolae_concentric_dashed_squares_mild,
          chequers_serial_rivers_large_b, nicolae_diode_basic
Depths:2: kennysheep_snake, layout_gridlike, pf_hell_entry_great_geh,
          rand_demon_pan_entry_9, abyss_entry, minmay_misc_feat_x,
          infiniplex_staircase_river, uniq_mara, uniq_bai_suzhen
Depths:3: minmay_big_diamond_grid, layout_gridlike, abyss_entry, hell_entry
Depths:4: grunt_zot_entry_tricorne, layout_cave_pools, tso_altar, hellmouth_1,
          special_room [special_room_jelly], serial_column_ruins,
          column_ruins_portal_hut, column_ruins_circle_medium,
          column_ruins_grid_4, column_ruins_grid_3, column_ruins_grid_1,
          column_ruins_open_medium, column_ruins_grid_3, column_ruins_grid_4,
          lightli_corner_chamber
Hell
Zot:1:    gammafunk_mikee_crab_dinner, layout_basic,
          regret_index_zotdec_twisting_globes, grunt_megastairs_4,
          uniq_josephina
Zot:2:    layout_concentric_octagons, hangedman_zot_decor_slant
Zot:3:    minmay_elemental_castle, layout_basic
Zot:4:    cheibrodos_zot_enchanting_chambers, layout_onion_interference
Zot:5:    layout_onion, grunt_ministairs_2, st_stairs_4

Skill      XL: |  1  2  3  4  5  6  7  8  9 10 11 12 13 14 15 16 17 18 19 20 21 22 23 24 25 26 27 |
---------------+----------------------------------------------------------------------------------+-----
Fighting       | 4 5 6 7 8 9 10 11 12 14 15 16 17 18 19 20 22 23 25 26 27 | 27.0
Axes           | 4 5 6 8 9 12 14 17 18 | 18.0
Armour         | 3 4 7 8 10 12 14 16 17 18 19 20 22 23 25 26 27 | 27.0
Shields        | 1 2 3 4 6 8 9 11 13 14 15 17 19 20 | 20.0
Evocations     | 1 3 4 5 8 10 12 14 16 17 20 | 20.0
Dodging        | 3 4 8 10 11 12 14 15 17 18 21 | 21.4
Throwing       | 1 3 4 6 8 10 11 12 14 16 17 18 20 22 | 22.0
Stealth        | 6 |  6.0

Action                     |  1- 3 |  4- 6 |  7- 9 | 10-12 | 13-15 | 16-18 | 19-21 | 22-24 | 25-27 || total
---------------------------+-------+-------+-------+-------+-------+-------+-------+-------+-------++-------
  Melee: Hand axe          |    96 |   137 |    16 |       |       |       |       |       |       ||   249
         Headbutt          |    11 |    16 |    29 |    86 |   336 |   382 |   480 |   341 |   436 ||  2117
         Broad axe         |       |       |   169 |   475 |  1290 |  1281 |  1442 |  1199 |  1263 ||  7119
         Spear             |       |       |       |       |     5 |       |       |       |       ||     5
         Unarmed           |       |       |       |       |       |       |    23 |     9 |       ||    32
   Fire: Sling             |       |     5 |    67 |    44 |   132 |       |       |       |       ||   248
  Throw: Boomerang         |       |     6 |     8 |    31 |    20 |    71 |    51 |    69 |    24 ||   280
         Dart              |       |       |     7 |       |    15 |   213 |     2 |     4 |       ||   241
         Throwing net      |       |       |       |       |       |     1 |       |     3 |     4 ||     8
         Javelin           |       |       |       |       |       |       |       |    83 |   113 ||   196
 Invoke: Berserk           |       |     1 |     1 |       |     1 |     1 |     1 |       |       ||     5
         Trog's Hand       |       |       |       |       |     4 |     4 |     1 |    11 |     7 ||    27
         Brothers in Arms  |       |       |       |       |       |       |       |     4 |       ||     4
  Evoke: Wand              |       |       |     1 |    15 |       |    33 |     2 |    11 |    10 ||    72
         Phial of floods   |       |       |       |       |     1 |     1 |     1 |     2 |       ||     5
         Box of beasts     |       |       |       |       |       |     1 |     1 |     1 |       ||     3
         Lightning rod     |       |       |       |       |       |       |     4 |     4 |     4 ||    12
         Phantom mirror    |       |       |       |       |       |       |     1 |     1 |       ||     2
         Tin of tremorston |       |       |       |       |       |       |       |     5 |       ||     5
    Use: Scroll            |       |       |    13 |     4 |    10 |    11 |     6 |    10 |    12 ||    66
         Potion            |       |       |       |       |       |       |     1 |     5 |    12 ||    18
   Stab: Held in net/web   |       |       |       |       |     1 |     2 |       |     2 |     3 ||     8
         Distracted        |       |       |       |       |     1 |       |       |       |       ||     1
         Petrified         |       |       |       |       |       |     8 |       |     3 |       ||    11
         Petrifying        |       |       |       |       |       |     1 |       |       |       ||     1
         Invisible         |       |       |       |       |       |       |     1 |     6 |     3 ||    10
         Confused          |       |       |       |       |       |       |       |     2 |       ||     2
 Armour: Animal skin       |    13 |       |       |       |       |       |       |       |       ||    13
         Chain mail        |    54 |    86 |    49 |       |       |       |       |       |       ||   189
         Ring mail         |       |       |    69 |       |       |       |       |       |       ||    69
         Crystal plate arm |       |       |     6 |   561 |  1207 |  1265 |   984 |   922 |   810 ||  5755
         Skin              |       |       |       |       |       |       |     8 |     2 |       ||    10
  Dodge: Dodged            |    50 |    58 |   117 |   178 |   377 |   446 |   495 |   556 |   659 ||  2936
  Block: Buckler           |       |    22 |    29 |   109 |   335 |   813 |   739 |   517 |       ||  2564
         Reflection        |       |       |       |       |       |    50 |    43 |    73 |    16 ||   182
         Tower shield      |       |       |       |       |       |       |       |   268 |   116 ||   384
         Kite shield       |       |       |       |       |       |       |       |       |  1150 ||  1150

Table legend: (Time is in decaauts)
 A = Elapsed time spent in this place.
 B = Non-inter-level travel time spent in this place.
 C = Inter-level travel time spent in this place.
 D = Time resting spent in this place.
 E = Time spent auto-exploring this place.
 F = Levels seen in this place.
 G = Mean time per level.
                   A        B        C        D        E       F      G
               +--------+--------+--------+--------+--------+-----+--------+
         Total |  70768 |  65578 |   5190 |   1577 |  49200 |  53 | 1335.2 |
       Dungeon |  16336 |  14239 |   2097 |    155 |  11315 |  15 | 1089.1 |
        Temple |      1 |      1 |      0 |      0 |      0 |   1 |    1.0 |
          Lair |   6750 |   6155 |    595 |     49 |   4405 |   5 | 1350.0 |
        Shoals |   6195 |   6031 |    164 |    203 |   4556 |   4 | 1548.8 |
   Spider Nest |   5765 |   5504 |    261 |     55 |   4272 |   4 | 1441.2 |
  Orcish Mines |   2439 |   2003 |    436 |     24 |   1406 |   2 | 1219.5 |
   Elven Halls |   4238 |   3993 |    245 |    168 |   2838 |   3 | 1412.7 |
        Vaults |   8340 |   7969 |    371 |    458 |   5765 |   5 | 1668.0 |
        Depths |   9198 |   8466 |    732 |    438 |   6468 |   4 | 2299.5 |
          Hell |    120 |    120 |      0 |      0 |      0 |   1 |  120.0 |
           Zot |   7397 |   7113 |    284 |      9 |   5536 |   5 | 1479.4 |
         Trove |     49 |     49 |      0 |      0 |     31 |   1 |   49.0 |
        Bailey |    582 |    582 |      0 |      0 |    337 |   1 |  582.0 |
      Ice Cave |    860 |    860 |      0 |     12 |    490 |   1 |  860.0 |
    Desolation |   2492 |   2492 |      0 |      3 |   1778 |   1 | 2492.0 |
               +--------+--------+--------+--------+--------+-----+--------+

Top non-repeatable levels by time:
Vaults:4: 2800 daAuts
Depths:4: 2679 daAuts
Desolation: 2492 daAuts
Depths:2: 2482 daAuts
Depths:3: 2356 daAuts
  Lair:5: 2330 daAuts
   Zot:3: 2004 daAuts
   Zot:1: 1918 daAuts
   Orc:2: 1900 daAuts
Spider:4: 1877 daAuts
Shoals:3: 1787 daAuts
   Elf:3: 1774 daAuts
Spider:3: 1712 daAuts
Depths:1: 1680 daAuts
     D:8: 1648 daAuts
